 Dungeon Crawl Stone Soup version 0.27-a0-249-g74f53ef629 (webtiles) character file.

Game seed: 14692893844895481715

186 scarywalker64 the Shield-Bearer (level 5, -9/47 HPs)
             Began as a Minotaur Fighter on Feb 4, 2021.
             Killed by divine providence
             ... invoked by an orc priest
              (14 damage)
             ... on level 5 of the Dungeon.
             The game lasted 00:04:37 (2391 turns).

scarywalker64 the Shield-Bearer (Minotaur Fighter)  Turns: 2391, Time: 00:04:37

Health: -9/47      AC: 14    Str: 22    XL:     5   Next: 38%
Magic:  4/4        EV:  4    Int:  5    God:
Gold:   70         SH: 10    Dex:  9    Spells: 4/4 levels left

rFire    . . .     SeeInvis .   m - -1 hand axe (curse)
rCold    + . .     Faith    .   c - +0 kite shield
rNeg     . . .     Spirit   .   f - +0 plate armour
rPois    .         Reflect  .   (helmet restricted)
rElec    .         Harm     .   (no cloak)
rCorr    .         Rampage  .   u - +0 pair of gloves (curse)
Will     .....                  b - +0 pair of boots
Stlth    ..........             (no amulet)
HPRegen  0.15/turn              j - ring of protection from cold
MPRegen  0.09/turn              (no ring)

@: no status effects
A: retaliatory headbutt, horns 2
a: no special abilities


You were on level 5 of the Dungeon.
You visited 1 branch of the dungeon, and saw 4 of its levels.

You collected 70 gold pieces.

Inventory:

Hand Weapons
 a - a +0 war axe
 i - a +0 hunting sling
 l - a +0 hunting sling
 m - a cursed -1 hand axe (weapon)
Missiles
 g - 41 sling bullets
 k - 176 stones (quivered)
 r - 19 arrows
Armour
 b - a +0 pair of boots (worn)
 c - a +0 kite shield (worn)
 f - a +0 plate armour (worn)
 u - a cursed +0 pair of gloves (worn)
Jewellery
 j - a ring of protection from cold (left hand)
Scrolls
 e - a scroll of teleportation
 n - a scroll of identify
Potions
 d - a potion of might
 h - 2 potions of ambrosia
 o - a potion of resistance
 q - a potion of cancellation
 t - a potion of curing {unknown}
 v - a potion of brilliance


   Skills:
 * Level 4.9 Fighting
 - Level 4.0 Axes
 + Level 4.1 Armour
 * Level 5.3 Shields


You had 4 spell levels left.
You didn't know any spells.
Your spell library was empty.

Dungeon Overview and Level Annotations

Branches:
Dungeon (3/15)

Altars:
Cheibriados
Kikubaaqudgha
The Shining One


Innate Abilities, Weirdness & Mutations

You reflexively headbutt those who attack you in melee.
You have a pair of horns on your head.


Message History

You block the orc priest's attack.
Your plate armour prevents you from hitting the orc priest.
The orc priest is severely wounded.
The orc priest looks satisfied for a moment.
You hit the orc priest but do no damage.
The orc priest is severely wounded.
The orc priest invokes the aid of Beogh against you.
Beogh smites you!
* * * LOW HITPOINT WARNING * * *
The orc priest invokes the aid of Beogh against you.
Pain shoots through your body!
* * * LOW HITPOINT WARNING * * *
You closely miss the orc priest.
The orc priest is severely wounded.
The orc priest looks braver for a moment.
You hit the orc priest but do no damage.
The orc priest is severely wounded.
The orc priest mumbles some strange prayers to Beogh against you.
Beogh smites you!
You die...

### #.. #.# #.#
#.# # ####.#
#.#.#
#....####.....#
#.##...@).....#
#####o....##
..#.... .......
#.#.# # ?#.# ..
# ##


You could see an orc priest.

Vanquished Creatures
  Robin (D:3)
  4 gnolls (D:3)
  5 adders
  An ooze (D:3)
  2 worms (D:2)
  A dart slug (D:2)
  2 leopard geckos
  2 orcs (D:5)
  6 bats
  5 giant cockroaches
  9 goblins
  14 hobgoblins
  2 jackals (D:2)
  9 kobolds
  A quokka (D:2)
  A ball python (D:1)
  8 frilled lizards
  6 rats
79 creatures vanquished.

Notes
Turn   | Place    | Note
-------+----------+-------------------------------------------
     0 | D:1      | scarywalker64 the Minotaur Fighter began the quest for the
                  | Orb.
     0 | D:1      | Reached XP level 1. HP: 19/19 MP: 0/0
   249 | D:1      | Reached XP level 2. HP: 27/27 MP: 1/1
   256 | D:1      | Reached skill level 4 in Shields
  1075 | D:1      | Reached XP level 3. HP: 33/33 MP: 2/2
  1325 | D:2      | Found a glowing golden altar of the Shining One.
  1544 | D:2      | Found an ancient bone altar of Kikubaaqudgha.
  1610 | D:2      | Reached XP level 4. HP: 36/41 MP: 3/3
  1910 | D:2      | Found a snail-covered altar of Cheibriados.
  1980 | D:3      | Reached skill level 5 in Shields
  2203 | D:3      | Reached XP level 5. HP: 47/47 MP: 4/4
  2271 | D:3      | Noticed Robin
  2293 | D:3      | Killed Robin
  2333 | D:3      | You fall into a shaft and drop 2 floors!
  2333 | D:5      | Entered Level 5 of the Dungeon
  2391 | D:5      | Killed from afar by an orc priest

Illustrated notes

Levels and vault maps discovered:
D:1:      heliophobic_arrival_enchanted_forest, layout_basic
D:2:      layout_rooms, marbit_many_paths, kennysheep_slug_shrine,
          general_overflow_altar
D:3:      layout_loops_ring, uniq_robin
D:5:      gammafunk_wand_slinger, layout_basic, basic_altar

Skill      XL: |  1  2  3  4  5 |
---------------+----------------+-----
Fighting       | 4 |  4.9
Shields        | 4 5 |  5.3
Axes           | 3 4 |  4.0
Armour         | 4 |  4.1

Action                   |  1- 3 |  4- 6 || total
-------------------------+-------+-------++-------
Melee: War axe           |   105 |    21 ||   126
       Headbutt          |    12 |    12 ||    24
       Hand axe          |       |    71 ||    71
  Use: Scroll            |       |    11 ||    11
Armor: Plate armour      |    77 |    74 ||   151
       Scale mail        |     1 |       ||     1
Dodge: Dodged            |    22 |    17 ||    39
Block: Kite shield       |    53 |    64 ||   117

Table legend: (Time is in decaauts)
 A = Elapsed time spent in this place.
 B = Non-inter-level travel time spent in this place.
 C = Inter-level travel time spent in this place.
 D = Time resting spent in this place.
 E = Time spent auto-exploring this place.
 F = Levels seen in this place.
 G = Mean time per level.
                   A        B        C        D        E       F      G
               +--------+--------+--------+--------+--------+-----+--------+
         Total |   2485 |   2415 |     70 |     42 |   1806 |   4 |  621.2 |
       Dungeon |   2485 |   2415 |     70 |     42 |   1806 |   4 |  621.2 |
               +--------+--------+--------+--------+--------+-----+--------+

Top non-repeatable levels by time:
     D:1: 1359 daAuts
     D:2: 667 daAuts
     D:3: 396 daAuts
     D:5: 61 daAuts
